 Dungeon Crawl Stone Soup version 0.31-a0-1074-g0b22e4e0f1 (webtiles) character file.

Game seed: 4422295348061057426

315 PoweredByGinger the Shield-Bearer (level 6, -1/37 HPs)
             Began as a Gargoyle Fighter on Dec 5, 2023.
             Slain by Crazy Yiuf
             ... wielding a +3 quarterstaff of chaos
              (7 damage)
             ... on level 4 of the Dungeon.
             The game lasted 00:03:52 (3263 turns).

PoweredByGinger the Shield-Bearer (GrFi)            Turns: 3263, Time: 00:03:52

Health: -1/37      AC: 16    Str: 22    XL:     6   Next: 44%
Magic:  6/6        EV:  9    Int:  8    God:
Gold:   260        SH:  4    Dex:  9    Spells: 5/5 levels left

rFire   . . .        B - +0 war axe (heavy)
rCold   . . .        c - +0 buckler
rNeg    + . .        b - +0 scale mail
rPois   ∞            q - +2 helmet
rElec   +            h - +0 cloak
rCorr   .            (no gloves)
SInv    .            l - +0 pair of boots
Will    .....        (no amulet) Stlth
                     (no ring)
HPRegen 0.26/turn    (no ring)
MPRegen 0.10/turn

%: no passive effects
@: mighty, slowed, very slow
A: sickness immunity, AC +4, negative energy resistance 1, electricity
resistance, torment resistance 1, petrification resistance
a: no special abilities


You were on level 4 of the Dungeon.
You visited 1 branch of the dungeon, and saw 4 of its levels.

You collected 260 gold pieces.

Inventory:

Hand Weapons
 a - a +0 war axe
 B - a +0 heavy war axe (weapon)
Missiles
 i - 12 poisoned darts
 j - 2 atropa-tipped darts
 y - 3 javelins
Armour
 b - a +0 scale mail (worn)
 c - a +0 buckler (worn)
 h - a +0 cloak (worn)
 l - a +0 pair of boots (worn)
 q - a +2 helmet (worn)
Jewellery
 w - a ring of magical power
Wands
 t - a wand of quicksilver (12)
 x - a wand of iceblast (8)
Scrolls
 e - 7 scrolls of identify {unknown}
 k - 2 scrolls of poison {unknown}
 n - 2 scrolls of enchant weapon {unknown}
 o - 2 scrolls of amnesia {unknown}
 p - a scroll of noise {unknown}
 u - a scroll of butterflies {unknown}
Potions
 d - a potion of might
 f - a potion of invisibility {unknown}
 g - a potion of enlightenment {unknown}
 m - 2 potions of heal wounds {unknown}
 r - 2 potions of cancellation {unknown}
 s - 2 potions of degeneration {unknown}
 v - a potion of mutation {unknown}
 z - a potion of berserk rage {unknown}
 A - a potion of lignification {unknown}


   Skills:
 + Level 3.5 Fighting
 * Level 4.9 Axes
 - Level 3.2 Armour
 + Level 5.1 Shields


You had 5 spell levels left.
You didn't know any spells.
Your spell library contained the following spells:

 Spells                   Type           Power      Damage    Failure   Level
 Animate Armour           Summ/Erth      0%         N/A       100%        4
 Summon Ice Beast         Ice/Summ       0%         N/A       100%        4
 Summon Lightning Spire   Summ/Air       0%         N/A       100%        4
 Lee's Rapid Deconstruct  Erth           0%         3d4*      100%        5
 Summon Mana Viper        Hex/Summ       0%         N/A       100%        5
 Monstrous Menagerie      Summ           0%         N/A       100%        7


Dungeon Overview and Level Annotations

Branches:
Dungeon (4/15)
 Temple: D:4-7

Altars:
Cheibriados
Okawaru
Wu Jian

Shops:
D:1 ((=

Annotations:
D:4 Crazy Yiuf


Innate Abilities, Weirdness & Mutations

You are immune to sickness and miasma.
Your stone body is resilient. (AC +4)
You are immune to poison.
You resist negative energy. (rN+)
You are resistant to electric shocks. (rElec)
You are resistant to unholy torment.
You are immune to petrification.


Message History

Number of times to repeat, then command key: You must enter the number of times for the command to repeat.
You start resting.
HP restored.
s - 2 smoky golden potions (gained 1)
You now have 260 gold pieces (gained 13).
Found a stone staircase leading down.
There is a stone staircase leading up here.
Found a hammer.
Found a runed translucent door.
Crazy Yiuf shouts!
You see here 2 stones.
Key pressed, stopping explore.
Crazy Yiuf shouts!
No reachable target in view!
No reachable target in view!
No reachable target in view!
As you open the door, it creaks loudly!
You closely miss Crazy Yiuf. Crazy Yiuf completely misses you.
You barely miss Crazy Yiuf.
Crazy Yiuf hits you with a +3 quarterstaff of chaos.
Crazy Yiuf whimpers, "Blight leg verde!"
Crazy Yiuf hits you with a +3 quarterstaff of chaos.
You hit Crazy Yiuf but do no damage.
Crazy Yiuf hits you but does no damage. x2
You hit Crazy Yiuf.
Crazy Yiuf is lightly wounded.
Crazy Yiuf hits you with a +3 quarterstaff of chaos.
You feel very mighty all of a sudden.
Crazy Yiuf hits you with a +3 quarterstaff of chaos!
You feel yourself slow down.
You slash Crazy Yiuf!
Crazy Yiuf is almost dead.
Crazy Yiuf hits you with a +3 quarterstaff of chaos.
Crazy Yiuf hits you with a +3 quarterstaff of chaos!
* * * LOW HITPOINT WARNING * * *
Crazy Yiuf hits you but does no damage.
You barely miss Crazy Yiuf.
Crazy Yiuf is almost dead.
Crazy Yiuf hits you but does no damage.
Crazy Yiuf hits you with a +3 quarterstaff of chaos!
You die...

###### .....# ##♣♣♣♣♣
.....####...♣.♣♣♣ ###
.............♣..♣#...#
.....#......♣♣♣♣@g...#
.....##.#..♣♣ ♣♣#..)#
#.########♣♣ ### #.###
#...#####
.##.##..###########
....##.##.........#
###..#.#####.######
#......###.#


You could see Crazy Yiuf.

Vanquished Creatures
  2 iguanas (D:4)
  A sleepcap (D:4)
  Ijyb (D:3)
  Robin (D:4)
  4 gnolls (D:2)
  7 adders
  2 worms
  A dart slug (D:1)
  11 orcs
  5 bats
  7 endoplasms
  2 giant cockroaches
  12 goblins
  5 hobgoblins
  6 jackals
  2 quokkas
  4 ball pythons
  2 frilled lizards (D:1)
  4 kobolds
  3 rats
82 creatures vanquished.

Notes
Turn   | Place    | Note
-------+----------+-------------------------------------------
     0 | D:1      | PoweredByGinger the Gargoyle Fighter began the quest for
                  | the Orb.
     0 | D:1      | Reached XP level 1. HP: 14/14 MP: 1/1
    91 | D:1      | Found Qablostro's Jewellery Emporium.
   185 | D:1      | Found Luineteod's Weapon Shop.
   274 | D:1      | Found a faded altar of an unknown god.
   365 | D:1      | Found Ximeet's Weapon Shoppe.
   654 | D:1      | Reached XP level 2. HP: 19/19 MP: 2/2
   918 | D:2      | Reached XP level 3. HP: 18/23 MP: 3/3
  1053 | D:2      | Reached skill level 4 in Shields
  1056 | D:2      | Reached XP level 4. HP: 24/28 MP: 4/4
  1512 | D:2      | Reached XP level 5. HP: 32/32 MP: 5/5
  1952 | D:3      | Found an ornate altar of the Wu Jian Council.
  2370 | D:3      | Found a snail-covered altar of Cheibriados.
  2382 | D:3      | Noticed Ijyb
  2391 | D:3      | Killed Ijyb
  2754 | D:4      | Reached XP level 6. HP: 37/37 MP: 6/6
  2769 | D:4      | Reached skill level 5 in Shields
  2983 | D:4      | Found an iron altar of Okawaru.
  2983 | D:4      | Noticed Robin
  3006 | D:4      | Killed Robin
  3151 | D:4      | Found a runed translucent door.
  3152 | D:4      | Noticed Crazy Yiuf
  3263 | D:4      | Slain by Crazy Yiuf

Illustrated notes

Levels and vault maps discovered:
D:1:      dpeg_arrival_stonehenge_12_columns, layout_loops_ring, serial_shops,
          shop, shop_coins, nicolae_shop_bloodbath_and_beyond,
          dreamdust_ecumenical_altar_hidden_monk_grotto,
          hangedman_decor_peaks_small
D:2:      layout_basic, minmay_quadrilaterals
D:3:      layout_basic, lemuel_doored_altar, lemuel_round_altar, uniq_ijyb
D:4:      layout_rooms, overflow_temple_1_default, uniq_crazy_yiuf_cottage,
          uniq_robin

Skill      XL: |  1  2  3  4  5  6 |
---------------+-------------------+-----
Axes           | 2 3 4 |  4.9
Shields        | 4 5 |  5.1
Fighting       | |  3.5
Armour         | |  3.2

Action                     |  1- 3 |  4- 6 || total
---------------------------+-------+-------++-------
  Melee: War axe           |    71 |   160 ||   231
 Armour: Scale mail        |    59 |   110 ||   169
  Dodge: Dodged            |    37 |    93 ||   130
  Block: Buckler           |    25 |    31 ||    56

Table legend: (Time is in decaauts)
 A = Elapsed time spent in this place.
 B = Non-inter-level travel time spent in this place.
 C = Inter-level travel time spent in this place.
 D = Time resting spent in this place.
 E = Time spent auto-exploring this place.
 F = Levels seen in this place.
 G = Mean time per level.
                   A        B        C        D        E       F      G
               +--------+--------+--------+--------+--------+-----+--------+
         Total |   3348 |   3091 |    257 |    179 |   2317 |   4 |  837.0 |
       Dungeon |   3348 |   3091 |    257 |    179 |   2317 |   4 |  837.0 |
               +--------+--------+--------+--------+--------+-----+--------+

Top non-repeatable levels by time:
     D:2: 1063 daAuts
     D:1: 945 daAuts
     D:3: 717 daAuts
     D:4: 621 daAuts
